 Dungeon Crawl Stone Soup version 0.25-a0-365-g7600c65aa0 (webtiles) character file.

Game seed: 13691563397745126961, levelgen mode: deterministic

17860 PentaManta the Whirler (level 12, -9/86 HPs)
             Began as a Halfling Hunter on Jan 2, 2020.
             Was a Priest of Okawaru.
             Mangled by a meliai
             ... wielding a +0 hand axe
              (11 damage)
             ... on level 13 of the Dungeon on Jan 5, 2020.
             The game lasted 00:37:59 (13942 turns).

PentaManta the Whirler (Halfling Hunter)           Turns: 13942, Time: 00:37:59

Health: -9/86      AC: 19    Str: 21    XL:     12   Next: 87%
Magic:  12/12      EV: 17    Int:  9    God:    Okawaru [***...]
Gold:   716        SH:  4    Dex: 16    Spells: 11/11 levels left

rFire    . . .     SeeInvis .   n - +1 dagger (venom)
rCold    . . .     Gourm    .   o - +0 buckler
rNeg     . . .     Faith    +   w - +3 chain mail
rPois    +         Spirit   .   C - +0 helmet
rElec    +         Reflect  .   x - scarf {cloud immunity}
rCorr    .         Harm     .   t - +0 pair of gloves (curse)
MR       .....                  e - +0 pair of boots
Stlth    ..........             W - amulet of faith
HPRegen  0.24/turn              R - ring of Suspected Treachery {+Fly rElec rPois rC- Str+4}
MPRegen  0.13/turn              S - ring of Liberty {rPois rC+}

@: very slightly contaminated, starving
A: small, mutation resistance 1
a: Heroism, Renounce Religion, Evoke Flight


You were on level 13 of the Dungeon.
You worshipped Okawaru.
Okawaru was most pleased with you.
You were starving.

You visited 1 branch of the dungeon, and saw 13 of its levels.
You also visited: Trove, Sewer and Ossuary.

You collected 1014 gold pieces.
You spent 298 gold pieces at shops.

Inventory:

Hand Weapons
 a - a +2 hunting sling
 n - a +1 dagger of venom (weapon)
 U - a +0 dagger of electrocution
 V - a +1 hunting sling of flaming
Missiles
 b - 48 bolts
 c - 5 atropa-tipped darts (quivered)
 d - 62 sling bullets
 i - 67 stones
 m - 2 throwing nets
 z - 45 poisoned darts
Armour
 e - a +0 pair of boots (worn)
 o - a +0 buckler (worn)
 t - a cursed +0 pair of gloves (worn)
 w - a +3 chain mail (worn)
 x - a scarf of cloud immunity (worn)
 B - the +2 leather armour "Ifeblong" {rN+ Regen+}
   (You found it on level 7 of the Dungeon)

   It protects you from negative energy.
   It increases your rate of regeneration.
 C - a +0 helmet (worn)
 O - a +1 leather armour of fire resistance
Jewellery
 N - an uncursed ring of fire
 R - the ring of Suspected Treachery (left hand) {+Fly rElec rPois rC- Str+4}
   (You found it in a treasure trove)

   [ring of flight]

   It affects your strength (+4).
   It makes you vulnerable to cold.
   It insulates you from electricity.
   It protects you from poison.
   It lets you fly.
 S - the ring of Liberty (right hand) {rPois rC+}
   (You found it in a treasure trove)

   [ring of protection from cold]

   It protects you from cold.
   It protects you from poison.
 W - an amulet of faith (around neck)
Wands
 p - a wand of digging (13)
 s - a wand of polymorph (11)
 y - a wand of paralysis (20)
 F - a wand of disintegration (19)
 G - a wand of enslavement (16)
 L - a wand of random effects (13)
Scrolls
 g - 16 scrolls of remove curse
 j - 11 scrolls of identify
 q - 5 scrolls of amnesia
 D - 4 scrolls of enchant armour {unknown}
 E - a scroll of holy word {unknown}
 J - a scroll of summoning {unknown}
 M - a scroll of blinking
 T - a scroll of magic mapping {unknown}
Potions
 k - 2 potions of might
 l - 5 potions of lignification
 r - 4 potions of flight {unknown}
 v - a potion of cancellation
 A - 2 potions of brilliance {unknown}
 I - a potion of agility {unknown}
 P - a potion of mutation {unknown}
 Q - 2 potions of haste {unknown}
Comestibles
 f - 11 rations


   Skills:
 + Level 9.4 Fighting
 - Level 15.1 Slings
 + Level 10.9 Armour
 + Level 11.1 Dodging
 - Level 1.1 Stealth


You had 11 spell levels left.
You didn't know any spells.
Your spell library contained the following spells:

 Spells                   Type           Power        Failure   Level  Hunger
 Foxfire                  Conj/Fire      #...         99%         1    ##.....
 Sandblast                Erth           #.....       99%         1    ##.....
 Passwall                 Tmut/Erth      #.......     100%        2    ###....
 Conjure Flame            Conj/Fire      #.......     100%        3    ####...
 Inner Flame              Hex/Fire       #.......     100%        3    ####...
 Stone Arrow              Conj/Erth      #.....       100%        3    ####...
 Petrify                  Tmut/Erth      #.......     100%        4    #####..
 Sticky Flame             Conj/Fire      #.......     100%        4    #####..
 Fireball                 Conj/Fire      #.........   100%        5    ######.
 Lee's Rapid Deconstruct  Erth           #.........   100%        5    ######.


Dungeon Overview and Level Annotations

Branches:
Dungeon (13/15)            Temple (0/1) D:5            Lair (0/6) D:10
    Orc (0/2) D:9           Sewer (visited)         Ossuary (visited)
 Vaults: D:13-14

Altars:
Elyvilon
Gozag
Hepliaklqana
Okawaru
Uskayaw
Vehumet

Shops:
D:7 %*:!   D:10 (

Annotations:
D:13 1 runed translucent door, CloudEater's ghost, journeyman GrEE


Innate Abilities, Weirdness & Mutations

You are small and have problems with some larger weapons.
You are somewhat resistant to further mutation.


Message History

Press: ? - help, Shift-Dir - straight line, f - meliai
Aim: a meliai, wielding a +0 hand axe and wearing a +0 leather armour (severely wounded, berserk, fast, unusually strong, very poisoned, chance to defeat MR: 65%)
The meliai is blasted!
You kill the meliai!
Okawaru accepts your kill. The meliai hits you with a +0 hand axe.
* * * LOW HITPOINT WARNING * * *
The meliai stings you.
* * * LOW HITPOINT WARNING * * *
A shadow imp comes into view.
You hear a shout!
Evoke which item? (* to show all) (? for menu, Esc to quit)
Aiming: Disintegrate
Press: ? - help, Shift-Dir - straight line, f - meliai
Aim: a meliai, wielding a +0 hand axe and wearing a +0 robe (berserk, fast, unusually strong, chance to defeat MR: 65%)
The meliai is blasted!!
The meliai closely misses you. The meliai barely misses you.
The meliai hits you with a +0 hand axe!
* * * LOW HITPOINT WARNING * * *
The meliai stings you!
You die...

#P!#.##.....#
#######.....#
##'#### #..# ##.##
#.(# #######y##
###.....†((#
#@yy.....(.#
#.#.......)###
#.#........y.#
#c#.......†#.#
5.#.......y#†##
###........#yy###y
#........##y..†y
###############y


You could see a centaur warrior, a meliai (berserk), a killer bee and a shadow
imp.

Vanquished Creatures
  A hydra (D:11)
  3 centaur warriors (D:13)
  3 two-headed ogres
  An unseen horror (D:12)
  A wolf spider zombie (D:12)
  2 deep elf magi (D:13)
  2 ugly things (D:11)
  A manticore (D:11)
  3 kobold demonologists (D:13)
  2 trolls (D:9)
  2 meliai (D:13)
  A hippogriff (D:11)
  A spriggan (D:12)
  A wraith (D:12)
  A soldier ant (D:11)
  2 water moccasins
  6 ice beasts
  4 sky beasts
  A black bear (D:9)
  3 orc warriors
  11 ogres
  7 centaurs
  A crocodile (D:10)
  5 big kobolds
  4 elf zombies (Ossuary)
  9 bullfrogs
  3 gnoll sergeants (D:9)
  2 scorpions
  16 killer bees
  3 howler monkeys
  A bullfrog zombie (D:7)
  2 crimson imps (D:6)
  7 centaur zombies
  3 orc priests
  6 hounds
  5 human zombies (Ossuary)
  A jelly (D:5)
  A quasit (D:9)
  4 bullfrog skeletons
  2 centaur skeletons
  4 iguanas
  9 worker ants
  A killer bee zombie (D:7)
  A hound skeleton (D:8)
  3 mummies (Ossuary)
  2 worker ant zombies
  19 adders
  14 gnolls
  A shadow imp (D:11)
  12 oozes
  2 adder zombies (D:6)
  3 adder skeletons
  4 worms
  3 dart slugs
  15 leopard geckos
  42 orcs
  10 bats
  12 giant cockroaches
  9 goblins
  2 hobgoblins (D:3)
  11 jackals
  A quokka (D:3)
  15 ball pythons (Sewer)
  16 frilled lizards
  A jackal skeleton (D:4)
  14 kobolds
  8 rats
368 creatures vanquished.

Vanquished Creatures (others)
  2 withered plants (D:13)
2 creatures vanquished.

Grand Total: 370 creatures vanquished

Notes
Turn   | Place    | Note
-------+----------+-------------------------------------------
     0 | D:1      | PentaManta the Halfling Hunter began the quest for the Orb.
     0 | D:1      | Reached XP level 1. HP: 14/14 MP: 1/1
    28 | D:1      | Reached skill level 6 in Slings
   134 | D:1      | Reached XP level 2. HP: 19/19 MP: 2/2
   575 | D:2      | Reached skill level 7 in Slings
   575 | D:2      | Reached XP level 3. HP: 19/24 MP: 3/3
   786 | D:2      | Reached skill level 8 in Slings
   786 | D:2      | Reached XP level 4. HP: 29/29 MP: 4/4
   961 | D:2      | Reached XP level 5. HP: 17/34 MP: 5/5
  1217 | D:3      | Reached skill level 9 in Slings
  1668 | D:3      | Found a glowing drain.
  1675 | Sewer    | Entered a sewer
  1740 | Sewer    | Reached XP level 6. HP: 39/39 MP: 6/6
  1795 | Sewer    | Reached skill level 10 in Slings
  2676 | D:4      | Reached skill level 11 in Slings
  2676 | D:4      | Reached XP level 7. HP: 44/44 MP: 7/7
  2820 | D:5      | Entered Level 5 of the Dungeon
  2827 | D:4      | Found a sand-covered staircase.
  2830 | D:4      | Reached skill level 12 in Slings
  2889 | Ossuary  | Entered an ossuary
  3296 | Ossuary  | Reached XP level 8. HP: 34/49 MP: 8/8
  3434 | Ossuary  | Reached skill level 13 in Slings
  3674 | Ossuary  | Reached skill level 14 in Slings
  3963 | D:4      | Found a hide-covered altar of Uskayaw.
  4158 | D:5      | Reached skill level 15 in Slings
  4158 | D:5      | Reached XP level 9. HP: 54/54 MP: 9/9
  4230 | D:5      | Reached skill level 1 in Armour
  4472 | D:5      | Found an opulent altar of Gozag.
  4512 | D:5      | Found a hazy altar of Hepliaklqana.
  4518 | D:5      | Found a radiant altar of Vehumet.
  4519 | D:5      | Found an iron altar of Okawaru.
  4519 | D:5      | Found a white marble altar of Elyvilon.
  4526 | D:5      | Became a worshipper of Warmaster Okawaru
  5162 | D:5      | Found a staircase to the Ecumenical Temple.
  6033 | D:6      | Reached * piety under Okawaru
  6533 | D:7      | Reached skill level 5 in Dodging
  6553 | D:7      | Found Tuomm's Food Emporium.
  6555 | D:7      | Found Rumpuv's General Store.
  6566 | D:7      | Got a polished leather armour
  6577 | D:7      | Identified the +2 leather armour "Ifeblong" {rN+ Regen+}
                  | (You found it on level 7 of the Dungeon)
  6614 | D:7      | Bought a +0 helmet for 58 gold pieces
  6623 | D:7      | Found Vafuev's Book Shoppe.
  6702 | D:7      | Reached XP level 10. HP: 56/65 MP: 10/10
  7142 | D:7      | Found Miuzu's Distillery.
  7150 | D:7      | Bought a potion of curing for 36 gold pieces
  7150 | D:7      | Bought a potion of heal wounds for 60 gold pieces
  7150 | D:7      | Bought a potion of curing for 36 gold pieces
  7150 | D:7      | Bought a potion of curing for 36 gold pieces
  7150 | D:7      | Bought a potion of curing for 36 gold pieces
  7150 | D:7      | Bought a potion of curing for 36 gold pieces
  7660 | D:8      | Reached skill level 5 in Armour
  7669 | D:8      | Reached ** piety under Okawaru
  7894 | D:8      | Found a white marble altar of Elyvilon.
  8144 | D:8      | Reached skill level 5 in Fighting
  9173 | D:9      | Noticed a two-headed ogre
  9194 | D:9      | Killed a two-headed ogre
  9460 | D:9      | Found a staircase to the Orcish Mines.
  9557 | D:9      | Reached *** piety under Okawaru
  9659 | D:9      | Reached XP level 11. HP: 72/72 MP: 11/11
 10152 | D:10     | Entered Level 10 of the Dungeon
 10241 | D:10     | Found Dozun's Weapon Shoppe.
 10370 | D:10     | Reached **** piety under Okawaru
 10399 | D:10     | Received a gift from Okawaru
 10499 | D:10     | Found a staircase to the Lair.
 10509 | D:10     | Noticed a two-headed ogre
 10642 | D:11     | Noticed a purple ugly thing
 10667 | D:11     | Killed a purple ugly thing
 10667 | D:11     | Received a gift from Okawaru
 10826 | D:11     | Noticed a manticore
 10838 | D:11     | Killed a manticore
 10935 | D:11     | Noticed a four-headed hydra
 10946 | D:11     | Killed a four-headed hydra
 10946 | D:11     | Reached ***** piety under Okawaru
 11072 | D:11     | Noticed a two-headed ogre
 11080 | D:11     | Killed a two-headed ogre
 11080 | D:11     | Received a gift from Okawaru
 11142 | D:11     | Received a gift from Okawaru
 11268 | D:11     | Noticed a brown ugly thing
 11288 | D:11     | Killed a brown ugly thing
 11288 | D:11     | Reached XP level 12. HP: 52/82 MP: 12/12
 11474 | D:11     | Noticed a two-headed ogre
 11487 | D:11     | Killed a two-headed ogre
 11777 | D:11     | Found a portal to a secret trove of treasure.
 11965 | Trove    | Entered a treasure trove
 11979 | Trove    | Got a flickering amber ring
 11985 | Trove    | Got a slimy steel ring
 12006 | Trove    | Identified the ring of Suspected Treachery {+Fly rElec
                  | rPois rC- Str+4} (You found it in a treasure trove)
 12007 | Trove    | Identified the ring of Liberty {rPois rC+} (You found it in
                  | a treasure trove)
 12015 | Trove    | Upgraded the game from 0.25-a0-353-ged6d54792d to
                  | 0.25-a0-365-g7600c65aa0
 12243 | D:12     | Reached skill level 10 in Dodging
 12707 | D:12     | Killed an unseen horror
 12707 | D:12     | Reached skill level 10 in Armour
 12972 | D:13     | Noticed a sixfirhy
 13003 | D:13     | Noticed a soul eater
 13243 | D:13     | Noticed a centaur warrior
 13256 | D:13     | Killed a centaur warrior
 13657 | D:13     | Noticed a centaur warrior
 13665 | D:13     | Killed a centaur warrior
 13670 | D:13     | Found a runed translucent door.
 13670 | D:13     | Noticed CloudEater's ghost (journeyman GrEE)
 13684 | D:13     | Noticed a centaur warrior
 13702 | D:13     | Killed a centaur warrior
 13940 | D:13     | Noticed a centaur warrior
 13942 | D:13     | HP: 2/86 [meliai/+0 hand axe (16)]
 13942 | D:13     | Mangled by a meliai

Levels and vault maps discovered:
D:1:      dpeg_arrival_refuge, layout_loops_ring
D:2:      layout_rooms, first_ration, grunt_ministairs_3, minmay_pentomino_x2
D:3:      layout_loops_ring, cheibrodos_sewer_entry_bend, minmay_misc_feat_alley
D:4:      layout_rooms, lemuel_doored_altar, enter_ossuary_3
D:5:      layout_loops_ring, minitemple, minmay_temple_entry_butterflies,
          serial_glass, glass_columns_c, glass_columns_a, glass_columns_a,
          glass_columns_c, glass_columns_b, glass_columns_c, glass_columns_b,
          glass_columns_a, patterned_corridor
D:6:      layout_cave_pods
D:7:      lemuel_ice_spiral_2, layout_basic, serial_shops, shop_fountains,
          nicolae_shop_temple_entry_statues_fountains, nicolae_shop_waterfront,
          shop
D:8:      layout_basic, basic_altar
D:9:      layout_grid_maze, kennysheep_orc_monster_closet_entryway
D:10:     layout_cave_pods, lair_entry_dummy, serial_shops, shop, uniq_urug
D:11:     layout_irregular_city, nicolae_trove_entry_diagonal
D:12:     layout_roguey, the_bakery
D:13:     layout_roguey [special_room_bee],
          hangedman_vaults_entry_quadrant_bands, gammafunk_ghost_grave,
          serial_shops, nicolae_shop_trees, kennysheep_kite_vault,
          uniq_josephine

Skill      XL: |  1  2  3  4  5  6  7  8  9 10 11 12 |
---------------+-------------------------------------+-----
Slings         | 6 7 8 9 11 12 15 | 15.1
Fighting       | 4 6 8 9 |  9.4
Armour         | 4 7 9 10 | 10.9
Dodging        | 5 7 9 11 | 11.1
Stealth        | |  1.1

Action                   |  1- 3 |  4- 6 |  7- 9 | 10-12 || total
-------------------------+-------+-------+-------+-------++-------
Melee: Dagger            |       |       |       |    85 ||    85
 Fire: Hunting sling     |    58 |   288 |   608 |   938 ||  1892
Evoke: Wand              |       |       |       |     2 ||     2
  Use: Scroll            |       |       |    14 |     5 ||    19
       Potion            |       |       |     2 |    11 ||    13
  Eat: Ration            |       |     1 |     1 |     2 ||     4
       Chunk             |       |     1 |     8 |    13 ||    22
Armor: Leather armour    |     4 |    15 |    22 |    51 ||    92
       Chain mail        |       |       |    26 |   152 ||   178
Dodge: Dodged            |    10 |    30 |    81 |   435 ||   556
Block: Buckler           |       |    12 |    34 |   115 ||   161

Table legend:
 A = Non-vault XP
 B = Vault XP
 C = Vault XP percentage of total XP
 D = Non-vault monster count
 E = Vault monster count
 F = Vault count percentage of total count
                 A         B        C        D         E       F
            +---------+---------+-------+---------+---------+-------
      Total |   19567 |    5948 |  23.3 |     244 |     124 |  33.7
            +---------+---------+-------+---------+---------+-------
        D:1 |      26 |       0 |   0.0 |      15 |       0 |   0.0
        D:2 |     126 |       8 |   6.0 |      18 |       4 |  18.2
        D:3 |      80 |       5 |   5.9 |      18 |       1 |   5.3
        D:4 |     673 |       0 |   0.0 |      28 |       0 |   0.0
        D:5 |     876 |       0 |   0.0 |      31 |       0 |   0.0
        D:6 |     768 |       0 |   0.0 |      22 |       0 |   0.0
        D:7 |     706 |       0 |   0.0 |      17 |       0 |   0.0
        D:8 |     803 |       3 |   0.4 |      16 |       1 |   5.9
        D:9 |    1734 |    1515 |  46.6 |      12 |      19 |  61.3
       D:10 |    1860 |       0 |   0.0 |      12 |       0 |   0.0
       D:11 |    6341 |       0 |   0.0 |      28 |       0 |   0.0
       D:12 |    1922 |     205 |   9.6 |      14 |       1 |   6.7
       D:13 |    3652 |    3153 |  46.3 |      13 |      19 |  59.4
      Sewer |       0 |     255 | 100.0 |       0 |      64 | 100.0
    Ossuary |       0 |     804 | 100.0 |       0 |      15 | 100.0
            +---------+---------+-------+---------+---------+-------
